General information
- name: BNet
- type: Ladder team game (AT/RT)
- host: Battle.net
- saver: BADLUCKNOFUN.
map: MarketSquare
- players: 8
- length: 18:54
- speed: Fast
- version: 1.26 W3XP
- replay type: Public
» download(126 KB)
Players
team 1 (loser)
ano167 (
purple | 60 APM | 1102 actions | 18:15)
4 Death Knight
2 Death Coil
2 Unholy Aura
2 Lich
1 Frost Nova
1 Frost Armor
» actions
| Assign group hotkey | 20 | |
| Build / train | 54 | |
| Enter build submenu | 20 | |
| Enter hero's abilities submenu | 6 | |
| Give item / drop item | 4 | |
| Right click | 288 | |
| Select / deselect | 180 | |
| Select group hotkey | 477 | |
| Use ability | 53 | |
1102 total
» units
| Acolyte | 17 | |
| Ghoul | 3 | |
| Crypt Fiend | 3 | |
| Frost Wyrm | 4 | |
27 total
» upgrades
| Creature Attack | 2 | |
| Web | 1 | |
| Creature Carapace | 2 | |
5 total
» buildings
| Graveyard | 1 | |
| Crypt | 1 | |
| Ziggurat | 11 | |
| Altar of Darkness | 1 | |
| Tomb of Relics | 1 | |
| Nerubian Tower | 2 | |
| Necropolis | 1 | |
| Halls of the Dead | 1 | |
| Black Citadel | 1 | |
| Sacrificial Pit | 1 | |
| Spirit Tower | 3 | |
| Boneyard | 3 | |
27 total
» build order
00:44 Graveyard
00:47 Crypt
00:52 Ziggurat
01:17 Altar of Darkness
01:30 Ziggurat
02:14 Tomb of Relics
03:12 Nerubian Tower
05:04 Ziggurat
05:09 Necropolis
05:15 Halls of the Dead
06:08 Nerubian Tower
06:12 Ziggurat
08:05 Black Citadel
08:34 Sacrificial Pit
09:24 Ziggurat
09:47 Spirit Tower
09:52 Ziggurat
09:59 Ziggurat
10:02 Ziggurat
10:59 Spirit Tower
11:04 Ziggurat
11:11 Boneyard
12:38 Boneyard
13:11 Boneyard
14:48 Spirit Tower
15:48 Ziggurat
» items
| Rod of Necromancy | 2 | |
| Sacrificial Skull | 1 | |
| Potion of Healing | 2 | |
| Orb of Corruption | 1 | |
| Scroll of Healing | 1 | |
7 total

»
Wendigo (
green | 65 APM | 1139 actions | 17:30)
5 Keeper of the Grove
3 Force of Nature
2 Entangling Roots
» actions
| Assign group hotkey | 56 | |
| Basic commands | 72 | |
| Build / train | 128 | |
| Enter build submenu | 20 | |
| Enter hero's abilities submenu | 6 | |
| Give item / drop item | 3 | |
| Right click | 483 | |
| Select / deselect | 258 | |
| Select group hotkey | 23 | |
| Use ability | 90 | |
1139 total
» units
| Wisp | 62 | |
| Archer | 21 | |
| Huntress | 9 | |
| Rogue | 1 | |
| Assassin | 1 | |
| Forest Troll High Priest | 1 | |
| Kobold Geomancer | 1 | |
96 total
» upgrades
| Strength of the Moon | 2 | |
| Improved Bows | 2 | |
| Marksmanship | 1 | |
| Nature's Blessing | 1 | |
6 total
» buildings
| Altar of Elders | 1 | |
| Moon Well | 5 | |
| Ancient of War | 3 | |
| Hunter's Hall | 2 | |
| Tree of Ages | 5 | |
| Tree of Life | 1 | |
| Ancient Protector | 5 | |
| Tree of Eternity | 4 | |
| Ancient of Wonders | 1 | |
27 total
» build order
00:41 Altar of Elders
00:46 Moon Well
01:22 Ancient of War
02:01 Hunter's Hall
02:19 Ancient of War
03:17 Moon Well
03:49 Tree of Ages
03:50 Tree of Ages
03:50 Tree of Ages
03:50 Tree of Ages
03:51 Moon Well
05:59 Tree of Life
06:00 Ancient Protector
06:00 Ancient Protector
08:10 Tree of Eternity
08:10 Tree of Eternity
08:11 Tree of Eternity
08:11 Tree of Eternity
08:12 Ancient Protector
08:15 Ancient Protector
08:28 Ancient of Wonders
08:45 Ancient Protector
14:35 Ancient of War
15:40 Moon Well
15:41 Moon Well
17:02 Hunter's Hall
» items
Jams (
red | 15 APM | 279 actions | 18:52)
4 Warden
2 Shadow Strike
2 Blink
» actions
| Assign group hotkey | 5 | |
| Basic commands | 15 | |
| Build / train | 49 | |
| ESC pressed | 1 | |
| Enter build submenu | 20 | |
| Enter hero's abilities submenu | 4 | |
| Remove unit from queue | 3 | |
| Right click | 62 | |
| Select / deselect | 82 | |
| Select group hotkey | 15 | |
| Use ability | 23 | |
279 total
» units
| Wisp | 18 | |
| Archer | 2 | |
| Huntress | 8 | |
| Hippogryph | 9 | |
| Druid of the Talon | -1 | |
36 total
» upgrades
| Druid of the Talon Training | 1 | |
| Hippogryph Taming | 1 | |
| Sentinel | 1 | |
3 total
» buildings
| Moon Well | 10 | |
| Altar of Elders | 1 | |
| Ancient of War | 2 | |
| Hunter's Hall | 1 | |
| Tree of Ages | 1 | |
| Ancient Protector | 2 | |
| Ancient of Wind | 3 | |
| Tree of Eternity | 1 | |
| Tree of Life | 1 | |
22 total
» build order
01:35 Moon Well
01:46 Altar of Elders
02:04 Ancient of War
02:19 Ancient of War
02:32 Moon Well
04:37 Moon Well
04:41 Hunter's Hall
07:30 Tree of Ages
07:34 Moon Well
07:39 Ancient Protector
14:29 Ancient of Wind
14:31 Ancient of Wind
14:32 Ancient of Wind
14:34 Tree of Eternity
15:10 Moon Well
15:10 Moon Well
15:12 Moon Well
15:12 Moon Well
15:22 Tree of Life
15:53 Ancient Protector
16:30 Moon Well
16:34 Moon Well

»
godstone.writer (
teal | 44 APM | 750 actions | 17:13)
4 Priestess of the Moon
2 Searing Arrows
1 Trueshot Aura
1 Scout
2 Keeper of the Grove
1 Entangling Roots
1 Thorns Aura
» actions
| Assign group hotkey | 24 | |
| Basic commands | 48 | |
| Build / train | 65 | |
| Enter build submenu | 23 | |
| Enter hero's abilities submenu | 6 | |
| Give item / drop item | 2 | |
| Remove unit from queue | 1 | |
| Right click | 178 | |
| Select / deselect | 221 | |
| Select group hotkey | 140 | |
| Use ability | 42 | |
750 total
» units
» upgrades
| Moon Armor | 3 | |
| Sentinel | 1 | |
| Improved Bows | 1 | |
| Ultravision | 1 | |
| Strength of the Moon | 1 | |
| Upgrade Moon Glaive | 1 | |
| Marksmanship | 1 | |
| Vorpal Blades | 1 | |
10 total
» buildings
| Altar of Elders | 1 | |
| Moon Well | 9 | |
| Ancient of War | 3 | |
| Ancient of Wonders | 1 | |
| Tree of Ages | 1 | |
| Hunter's Hall | 1 | |
| Tree of Life | 2 | |
| Ancient Protector | 5 | |
| Tree of Eternity | 1 | |
24 total
» build order
00:06 Altar of Elders
00:11 Moon Well
00:29 Ancient of War
01:33 Moon Well
02:12 Ancient of Wonders
02:33 Moon Well
03:39 Moon Well
03:56 Ancient of War
04:32 Tree of Ages
05:07 Hunter's Hall
05:59 Tree of Life
06:36 Tree of Life
07:45 Ancient of War
09:11 Ancient Protector
09:42 Ancient Protector
09:48 Ancient Protector
10:55 Ancient Protector
11:00 Moon Well
11:30 Moon Well
12:11 Tree of Eternity
12:49 Moon Well
13:38 Moon Well
13:50 Moon Well
15:01 Ancient Protector
team 2 (winner)
ALSDFJASL (
orange | 50 APM | 951 actions | 18:52)
5 Blademaster
3 Wind Walk
2 Critical Strike
4 Shadow Hunter
2 Hex
2 Healing Wave
» actions
| Assign group hotkey | 65 | |
| Basic commands | 4 | |
| Build / train | 42 | |
| ESC pressed | 1 | |
| Enter build submenu | 14 | |
| Enter hero's abilities submenu | 9 | |
| Give item / drop item | 1 | |
| Remove unit from queue | 1 | |
| Right click | 369 | |
| Select / deselect | 117 | |
| Select group hotkey | 276 | |
| Use ability | 52 | |
951 total
» units
» upgrades
| Ranged Weapons | 2 | |
| Armor | 2 | |
| Reinforced Defenses | 1 | |
| Envenomed Spears | 1 | |
6 total
» buildings
| Altar of Storms | 1 | |
| Orc Burrow | 7 | |
| Voodoo Lounge | 1 | |
| Stronghold | 1 | |
| War Mill | 1 | |
| Beastiary | 3 | |
| Fortress | 2 | |
| Watch Tower | 5 | |
| Great Hall | 1 | |
22 total
» build order
00:10 Altar of Storms
00:22 Orc Burrow
01:22 Voodoo Lounge
02:07 Stronghold
02:18 War Mill
02:56 Orc Burrow
02:57 Orc Burrow
04:42 Beastiary
04:43 Beastiary
05:17 Fortress
08:05 Orc Burrow
11:44 Watch Tower
11:45 Watch Tower
12:09 Orc Burrow
12:10 Orc Burrow
13:34 Orc Burrow
13:39 Beastiary
14:00 Watch Tower
14:01 Watch Tower
16:54 Watch Tower
18:28 Great Hall
» items
| Healing Salve | 3 | |
| Orb of Lightning | 1 | |
4 total
BADLUCKNOFUN. (
yellow | 102 APM | 1926 actions | 18:54)
5 Archmage
3 Summon Water Elemental
2 Brilliance Aura
» actions
| Assign group hotkey | 108 | |
| Basic commands | 40 | |
| Build / train | 117 | |
| ESC pressed | 1 | |
| Enter build submenu | 37 | |
| Enter hero's abilities submenu | 5 | |
| Give item / drop item | 4 | |
| Right click | 715 | |
| Select / deselect | 267 | |
| Select group hotkey | 471 | |
| Use ability | 161 | |
1926 total
» units
| Peasant | 18 | |
| Footman | 8 | |
| Dragonhawk Rider | 4 | |
| Gryphon Rider | 1 | |
31 total
» upgrades
| Masonry | 3 | |
| Swords | 3 | |
| Armor | 4 | |
| Lumber Harvesting | 1 | |
| Magic Sentry | 1 | |
| Animal War Training | 1 | |
| Storm Hammers | 1 | |
| Cloud | 1 | |
15 total
» buildings
| Altar of Kings | 1 | |
| Barracks | 1 | |
| Farm | 8 | |
| Arcane Vault | 1 | |
| Lumber Mill | 1 | |
| Town Hall | 1 | |
| Scout Tower | 17 | |
| Guard Tower | 27 | |
| Keep | 4 | |
| Blacksmith | 2 | |
| Gryphon Aviary | 4 | |
| Castle | 3 | |
| Arcane Sanctum | 1 | |
71 total
» build order
00:42 Altar of Kings
00:44 Barracks
00:51 Farm
01:06 Farm
01:48 Farm
02:04 Arcane Vault
02:19 Farm
02:46 Lumber Mill
03:09 Farm
03:57 Town Hall
03:59 Scout Tower
04:01 Scout Tower
04:03 Scout Tower
04:05 Scout Tower
04:31 Guard Tower
04:32 Guard Tower
04:52 Guard Tower
04:52 Guard Tower
07:06 Guard Tower
08:16 Keep
08:16 Keep
08:16 Keep
08:21 Blacksmith
08:22 Blacksmith
08:27 Scout Tower
08:28 Scout Tower
08:29 Scout Tower
08:31 Scout Tower
09:08 Guard Tower
09:08 Guard Tower
09:28 Scout Tower
09:29 Scout Tower
09:32 Scout Tower
09:32 Scout Tower
09:35 Guard Tower
09:35 Guard Tower
09:35 Guard Tower
09:50 Scout Tower
09:52 Scout Tower
09:57 Scout Tower
09:58 Scout Tower
10:00 Scout Tower
10:19 Guard Tower
10:20 Guard Tower
10:20 Guard Tower
10:20 Guard Tower
10:35 Guard Tower
10:35 Guard Tower
10:41 Guard Tower
10:54 Gryphon Aviary
11:02 Gryphon Aviary
11:52 Castle
11:52 Castle
12:26 Arcane Sanctum
16:14 Gryphon Aviary
16:16 Gryphon Aviary
17:43 Farm
17:45 Farm
17:50 Farm
» items
| Scroll of Regeneration | 3 | |
| Mechanical Critter | 6 | |
| Periapt of Vitality | 1 | |
| Potion of Lesser Invulnerability | 1 | |
11 total
Mina_TheOne (
pink | 45 APM | 844 actions | 18:52)
3 Archmage
1 Summon Water Elemental
1 Blizzard
1 Brilliance Aura
3 Paladin
1 Holy Light
1 Devotion Aura
1 Divine Shield
» actions
| Assign group hotkey | 18 | |
| Basic commands | 83 | |
| Build / train | 72 | |
| Enter build submenu | 27 | |
| Enter hero's abilities submenu | 6 | |
| Remove unit from queue | 1 | |
| Right click | 254 | |
| Select / deselect | 306 | |
| Select group hotkey | 26 | |
| Use ability | 51 | |
844 total
» units
| Peasant | 9 | |
| Footman | 6 | |
| Rifleman | 3 | |
| Priest | 5 | |
| Gryphon Rider | 6 | |
| Knight | 3 | |
| Spell Breaker | 2 | |
| Sorceress | 1 | |
35 total
» upgrades
| Masonry | 3 | |
| Swords | 2 | |
| Gunpowder | 2 | |
| Lumber Harvesting | 2 | |
| Animal War Training | 1 | |
| Priest Training | 2 | |
| Storm Hammers | 1 | |
| Plating | 2 | |
| Armor | 1 | |
| Long Rifles | 1 | |
| Control Magic | 1 | |
| Magic Sentry | 1 | |
| Cloud | 1 | |
| Barrage | 1 | |
21 total
» buildings
| Farm | 10 | |
| Altar of Kings | 1 | |
| Barracks | 1 | |
| Arcane Vault | 1 | |
| Lumber Mill | 1 | |
| Keep | 1 | |
| Blacksmith | 1 | |
| Castle | 1 | |
| Arcane Sanctum | 1 | |
| Gryphon Aviary | 1 | |
| Scout Tower | 2 | |
| Arcane Tower | 2 | |
| Workshop | 1 | |
24 total
» build order
00:15 Farm
00:20 Altar of Kings
00:23 Barracks
01:29 Farm
02:25 Farm
02:55 Arcane Vault
03:05 Lumber Mill
04:33 Keep
04:43 Blacksmith
05:52 Farm
06:59 Castle
07:04 Farm
07:47 Arcane Sanctum
08:29 Gryphon Aviary
08:58 Farm
11:27 Farm
12:48 Farm
13:21 Farm
13:31 Scout Tower
13:51 Scout Tower
14:21 Arcane Tower
14:47 Arcane Tower
15:41 Farm
16:09 Workshop
» items

»
UHmm (
blue | 39 APM | 731 actions | 18:52)
3 Archmage
2 Blizzard
1 Summon Water Elemental
2 Paladin
1 Divine Shield
1 Devotion Aura
» actions
| Basic commands | 4 | |
| Build / train | 67 | |
| Enter build submenu | 31 | |
| Enter hero's abilities submenu | 5 | |
| Remove unit from queue | 4 | |
| Right click | 359 | |
| Select / deselect | 207 | |
| Use ability | 53 | |
731 total
» units
| Peasant | 21 | |
| Footman | 10 | |
| Siege Engine | 12 | |
43 total
» upgrades
| Gunpowder | 2 | |
| Plating | 2 | |
| Barrage | 1 | |
5 total
» buildings
| Altar of Kings | 1 | |
| Farm | 11 | |
| Scout Tower | 6 | |
| Arcane Tower | 1 | |
| Lumber Mill | 2 | |
| Guard Tower | 1 | |
| Barracks | 1 | |
| Blacksmith | 1 | |
| Town Hall | 2 | |
| Keep | 1 | |
| Arcane Vault | 1 | |
| Castle | 1 | |
| Workshop | 4 | |
33 total
» build order
00:12 Altar of Kings
00:15 Farm
00:56 Scout Tower
01:25 Arcane Tower
01:26 Scout Tower
01:30 Lumber Mill
01:56 Guard Tower
01:58 Scout Tower
02:02 Scout Tower
02:03 Scout Tower
02:27 Barracks
03:44 Blacksmith
03:58 Scout Tower
04:36 Town Hall
04:52 Farm
05:48 Farm
08:17 Keep
09:06 Arcane Vault
09:54 Farm
09:57 Farm
09:58 Farm
09:59 Farm
10:54 Castle
11:28 Town Hall
12:04 Workshop
13:11 Workshop
14:36 Workshop
15:23 Workshop
16:59 Lumber Mill
17:41 Farm
17:44 Farm
17:47 Farm
17:49 Farm
» items
| Scroll of Regeneration | 1 | |
| Mechanical Critter | 2 | |
3 total
Chat log
(00:02 / Allies) ALSDFJASL: play this
(00:12 / All) Wendigo: dont attack and we wont either
(00:13 / All) BADLUCKNOFUN.: WOOT MARKETSQUARE!
(00:17 / All) BADLUCKNOFUN.: Alright
(00:18 / All) Wendigo: kay ?
(00:20 / All) BADLUCKNOFUN.: I accept your truce green
(00:27 / All) Wendigo: kay =D
(00:30 / All) ALSDFJASL: ever?
(00:35 / All) Wendigo: till gold runs out ?
(00:39 / Allies) Mina_TheOne: heros units??
(00:40 / All) BADLUCKNOFUN.: yeah
(00:41 / All) UHmm: im down hahaa
(00:48 / All) BADLUCKNOFUN.: no rush 60
(00:48 / All) ALSDFJASL: kill ur teamates if htey break rule
(00:53 / All) ALSDFJASL: im on new account have no reason to lie
(00:58 / All) BADLUCKNOFUN.: Understood
(01:03 / All) ALSDFJASL: let our team get stronger
(01:07 / Allies) UHmm: well if he cant attack me
(01:23 / All) UHmm: no attacking at all right?
(01:35 / All) Wendigo: yeah we have royal battle when we finish map
(01:38 / All) BADLUCKNOFUN.: yeah so cancel those towers
(01:42 / All) BADLUCKNOFUN.: he towering your base green
(01:43 / All) ALSDFJASL: all gold
(01:44 / All) BADLUCKNOFUN.: he is violatign the law
(01:46 / All) ALSDFJASL: tower everywhere
(01:51 / All) UHmm: i wont attack him with thm
(01:57 / All) BADLUCKNOFUN.: tower everywhere except in enemy bases
(02:09 / All) Wendigo: damn try again next match lol
(02:15 / All) Wendigo: blues gonna ttack me oll
(02:21 / All) UHmm: wait is everyone really down for no attacking?
(02:22 / All) Jams: what douche
(02:26 / All) Wendigo: yeah dude
(02:26 / All) ALSDFJASL: no he wont
(02:29 / All) BADLUCKNOFUN.: Well we still are comrades in arms green right?
(02:32 / All) UHmm: ill kill my own towers
(02:38 / All) Wendigo: most teams wont agree
(02:41 / All) ALSDFJASL: call us and me and yellow will kill his towers if he keeps doing it
(02:46 / All) Wendigo: well i gotta kill those towers...
(02:53 / All) UHmm: ill kill towers hold up
(02:54 / All) Wendigo: other than that im straight
(03:09 / All) ALSDFJASL: leave arcane tower its useless
(03:28 / All) ALSDFJASL: we have a history with pink not sure he'll comply
(03:29 / All) ALSDFJASL: she i mean
(03:45 / All) Mina_TheOne: lol im a solo player so whateves
(03:49 / Allies) UHmm: we gotta take middle now
(04:10 / Allies) BADLUCKNOFUN.: they have 3 ne
(04:11 / All) Wendigo: yeah but this is stonercraft
(04:15 / Allies) BADLUCKNOFUN.: except chims
(04:18 / Allies) BADLUCKNOFUN.: and a shitload
(04:25 / Allies) UHmm: so ill go tanks
(06:16 / Allies) Mina_TheOne: guys
(06:36 / All) BADLUCKNOFUN.: careful not to fight
(06:39 / All) UHmm: NO
(06:40 / All) ALSDFJASL: out pink
(06:42 / All) ALSDFJASL: out
(06:44 / Allies) Mina_TheOne: omfg why
(06:45 / All) BADLUCKNOFUN.: NO DON'T DC
(06:54 / All) UHmm: STOP FIGHTING
(07:00 / All) BADLUCKNOFUN.: ALL TEAMS CREEP MID TOGETHER
(07:03 / All) BADLUCKNOFUN.: NO CREP JACKING
(07:04 / All) BADLUCKNOFUN.: NO FITING
(07:07 / All) ALSDFJASL: let us gett middle lawl
(07:38 / All) ALSDFJASL: go away wow
(07:55 / All) BADLUCKNOFUN.: MASK OF DEATH ON KEEPER LOL
(08:03 / All) Wendigo: hehe
(08:12 / All) BADLUCKNOFUN.: I guess that wouldn't be any better on my am lawl
(08:22 / All) UHmm: teal an purple wtf
(08:23 / All) Wendigo: says the hero will recieve
(08:34 / All) Wendigo: doesnt say if it has to be ranged or not
(08:38 / All) Wendigo: ill go test it
(08:47 / All) ALSDFJASL: so wut are we doing ur team violated the rules
(09:00 / All) UHmm: your team did not us
(09:18 / All) ano167: middle is our territory
(09:21 / Allies) BADLUCKNOFUN.: forgot to upgrade our hall
(09:24 / Allies) BADLUCKNOFUN.: I mean mine
(09:25 / All) Wendigo: it work on ranged
(09:54 / Allies) BADLUCKNOFUN.: all expand
(12:09 / Allies) UHmm: wood pls
(12:23 / Allies) UHmm: we will run out of wood they wont
(12:31 / Allies) ALSDFJASL: jeez blue clear every expo but the one next to me
(13:23 / All) ALSDFJASL: so agreed u wil llet our team get stronger green?
(13:28 / All) ALSDFJASL: me and yel have no reason to lie
(13:37 / All) UHmm: what?
(13:51 / All) Wendigo: theres plenty of gold im not sure why we would be fighting
(13:59 / Allies) Mina_TheOne: goldplllz
(14:02 / Allies) BADLUCKNOFUN.: 2 expansions blue?
(14:19 / Allies) UHmm: im taking so they dont
(14:36 / All) ALSDFJASL: let our team
(14:38 / All) ALSDFJASL: get stronger
(14:40 / All) ALSDFJASL: i dont trust u
(14:49 / All) ALSDFJASL: disc hacker
(14:50 / All) BADLUCKNOFUN.: he went offline chat program too
(15:14 / Allies) BADLUCKNOFUN.: you here?
(15:17 / All) ALSDFJASL: yea
(15:19 / All) ALSDFJASL: it was my net i guess
(15:27 / Allies) ALSDFJASL: good time to hit rod
(15:32 / Allies) ALSDFJASL: ?
(15:41 / Allies) BADLUCKNOFUN.: yeah one sec
(15:43 / Allies) BADLUCKNOFUN.: buying regen scroll
(15:49 / Allies) ALSDFJASL: lets rape expos
(15:55 / Allies) ALSDFJASL: k
(16:17 / All) Wendigo: not till gold is run out on entire map
(16:21 / All) Wendigo: if u run out of gold
(16:26 / All) Wendigo: call it and we'll talk
(16:32 / 5) BADLUCKNOFUN.: btw whatever happens, orange and I got shit against pink
(16:34 / All) UHmm: WTF
(16:36 / 5) BADLUCKNOFUN.: so if your team looks like it's losing
(16:36 / All) ALSDFJASL: green u net to
(16:38 / 5) BADLUCKNOFUN.: we'll tk and give you the win
(16:40 / 5) BADLUCKNOFUN.: kk?
(16:41 / All) ALSDFJASL: our team has to get stronger
(16:49 / All) UHmm: wtf
(17:10 / All) godstone.writer: fucking hate shitty team mates
(17:19 / All) Jams: lol i was afk all gae
(17:21 / All) Wendigo: wtf
(17:31 / All) UHmm: oj isnt down i guess
(17:38 / All) ALSDFJASL: green
(17:40 / All) ALSDFJASL: was a retard
(17:44 / All) ALSDFJASL: i said over and over
(17:47 / All) ALSDFJASL: our team has to get stronger
(17:56 / All) UHmm: teams would be equal really...
(18:00 / All) ALSDFJASL: because blue
(18:06 / All) ano167: only aow 3 nelves
(18:10 / All) ALSDFJASL: i told him we wer eon ne accounts
(18:12 / All) ano167: gg
(18:14 / All) ALSDFJASL: purple we can still make it even
(18:18 / All) BADLUCKNOFUN.: stay
(18:19 / All) BADLUCKNOFUN.: stay
(18:21 / All) ALSDFJASL: or red
(18:22 / All) BADLUCKNOFUN.: we will kill pink for you
(18:23 / All) BADLUCKNOFUN.: ok?
(18:29 / All) Jams: purp was right
(18:31 / All) BADLUCKNOFUN.: will that make you stay and fight?
(18:33 / All) Jams: i was afk all game
(18:34 / All) BADLUCKNOFUN.: if we kill off pink?
(18:39 / All) ALSDFJASL: will ugusy stya
(18:41 / All) BADLUCKNOFUN.: we'll make it even
(18:45 / All) Jams: and im the only one with anything other then aow
(18:46 / All) Mina_TheOne: good shit
(18:48 / All) BADLUCKNOFUN.: we'll kill blue and ourselves too
(18:51 / All) BADLUCKNOFUN.: and give you the win
(18:52 / All) BADLUCKNOFUN.: k?